 Dungeon Crawl Stone Soup version 0.21.1-1-g345015f (webtiles) character file.

8855 Saeniel the Fighter (level 11, -4/166 HPs)
             Began as a Gargoyle Fighter on May 29, 2018.
             Was a Believer of Qazlal.
             Slain by Snorg (8 damage)
             ... on level 10 of the Dungeon.
             The game lasted 00:36:41 (9877 turns).

Saeniel the Fighter (Gargoyle Fighter)              Turns: 9877, Time: 00:36:42

Health: -4/166     AC: 25    Str: 27    XL:     11   Next: 37%
Magic:  11/11      EV:  2    Int:  9    God:    Qazlal [**....]
Gold:   395        SH: 14    Dex: 13    Spells: 10/10 levels left

rFire    . . .     SeeInvis .   z - +1 broad axe
rCold    . . .     Gourm    .   c - +0 shield
rNeg     + + +     Faith    .   (armour currently unavailable)
rPois    ∞         Spirit   .   (helmet currently unavailable)
rElec    .         Reflect  .   (cloak currently unavailable)
rCorr    .         Harm     .   (gloves currently unavailable)
MR       .....     NoTele   +   (boots currently unavailable)
Stlth    ..........             m - amulet of rage
HPRegen  0.37/turn              x - +3 ring of dexterity
MPRegen  0.12/turn              k - +6 ring of evasion

@: berserking, tree-form, very quick
A: negative energy resistance 1, petrification resistance, rot immunity, AC +8
a: Upheaval, Renounce Religion, Evoke Berserk Rage


You were on level 10 of the Dungeon.
You worshipped Qazlal.
Qazlal was pleased with you.
You were not hungry.
You were a tree.
You visited 2 branches of the dungeon, and saw 11 of its levels.
You also visited: Ossuary.

You collected 395 gold pieces.

Inventory:

Hand Weapons
 f - the +8 shortbow of World's End {flame, rF+, unknown}
   (You found it on level 8 of the Dungeon)

   It causes projectiles fired from it to burn those they strike, causing extra
   injury to most foes and up to half again as much damage against particularly
   susceptible opponents.
   It protects you from fire.
 z - a +1 broad axe (weapon)
Armour
 c - a +0 shield (worn)
 l - a +5 scale mail of magic resistance (melded)
 n - a +2 cloak (melded)
 t - a +0 pair of gloves (melded)
Jewellery
 b - an uncursed ring of flight
 i - an uncursed ring of ice
 k - a +6 ring of evasion (right branch)
 m - an amulet of rage (around neck)
 w - an uncursed amulet of regeneration
 x - a +3 ring of dexterity (left branch)
Wands
 a - a wand of iceblast (10)
 d - a wand of paralysis (10)
 e - a wand of polymorph (2)
Scrolls
 h - 5 scrolls of remove curse
 o - 2 scrolls of fear
 r - 2 scrolls of identify
 s - 2 scrolls of magic mapping
 A - a scroll of teleportation
 B - 2 scrolls of amnesia
 C - a scroll of blinking
Potions
 g - 2 potions of brilliance
 j - a potion of lignification
 u - a potion of flight
Comestibles
 p - 10 rations


   Skills:
 + Level 11.0 Fighting
 + Level 6.9(7.0) Axes
   Level 2.0(5.1) Maces & Flails
 - Level 7.3 Armour
 + Level 7.7 Dodging
 - Level 7.0 Shields


You had 10 spell levels left.
You didn't know any spells.

Dungeon Overview and Level Annotations

Branches:
Dungeon (10/15)            Temple (1/1) D:6            Lair (0/6) D:9
    Orc: D:9-12

Altars:
Ashenzari
Cheibriados
Elyvilon
Fedhas
Gozag
Hepliaklqana
Kikubaaqudgha
Makhleb
Nemelex Xobeh
Okawaru
Qazlal
Ru
Sif Muna
Trog
Uskayaw
Vehumet
Wu Jian
Xom
Yredelemnul
Zin
The Shining One

Annotations:
D:7 Jaiteiro's ghost, novice GrIE
D:10 Snorg


Innate Abilities, Weirdness & Mutations

You are resistant to torment.
((Your stone body is resilient. (AC +8)))
You are immune to poison.
You resist negative energy. (rN+)
((You are resistant to electric shocks. (rElec)))
((You can survive without breathing.))
You are immune to petrification.
You are immune to rotting.


Message History

Snorg claws you!
* * * LOW HITPOINT WARNING * * *
You block Snorg's attack.
A red film seems to cover your vision as you go berserk!
You feel yourself moving faster!
You feel mighty!
You feel quite a bit more hungry. Snorg bites you!
* * * LOW HITPOINT WARNING * * *
You block Snorg's attack. x3; Snorg claws you but does no damage. x2
You slash Snorg!
Snorg is heavily wounded.
You block Snorg's attack. Snorg claws you but does no damage. x2
You barely miss Snorg.
Snorg is heavily wounded.
You block Snorg's attack. x2; Snorg claws you but does no damage.
You barely miss Snorg.
Snorg is heavily wounded.
Snorg bites you.
* * * LOW HITPOINT WARNING * * *
You block Snorg's attack. Snorg claws you!
You die...

## ...### ###
......##.####
............#
............#
.....!......##
.....###♣T...#
### ##.#####
#..# #..#
###.##
##....##
#......##
#.......##
##........#


You could see Snorg (berserk).

Vanquished Creatures
  The ghost of Jaiteiro the Grappler, a journeyman TrMo (D:9)
  An ogre mage (D:9)
  3 death yaks (D:9)
  A troll (D:9)
  A hornet (D:8)
  2 hippogriffs
  5 yaks (D:9)
  A steam dragon (D:9)
  2 soldier ants (D:8)
  Duvessa (D:6)
  A porcupine (D:9)
  A black bear (D:7)
  3 orc warriors
  A phantom (D:6)
  2 sky beasts
  2 ice beasts
  5 ogres
  2 centaurs
  2 big kobolds (D:8)
  The ghost of kalagan the Caller, an amateur DESu (D:4)
  3 bullfrogs
  Dowan (D:6)
  11 killer bees
  3 scorpions
  2 crimson imps
  A centaur zombie (D:6)
  A bullfrog zombie (D:9)
  A hound (D:5)
  A jelly (D:9)
  5 orc priests
  A bullfrog skeleton (D:4)
  2 hell rats (D:9)
  An iguana (D:4)
  5 orc wizards
  4 worker ants
  A hound zombie (D:6)
  12 mummies (Ossuary)
  A worker ant zombie (D:10)
  Robin (D:3)
  2 gnolls (D:9)
  2 river rats (D:9)
  7 adders
  An ooze (D:4)
  3 adder skeletons
  4 worms
  A dart slug (D:4)
  11 leopard geckos
  25 orcs
  5 ball pythons
  6 bats
  3 giant cockroaches
  10 goblins
  10 hobgoblins
  14 jackals
  6 quokkas
  12 frilled lizards
  2 gnoll skeletons (Ossuary)
  A goblin skeleton (Ossuary)
  2 jackal skeletons (D:4)
  10 kobolds
  A leopard gecko skeleton (D:5)
  4 orc skeletons (Ossuary)
  2 quokka skeletons
  7 rats
  11 rat skeletons (Ossuary)
257 creatures vanquished.

Vanquished Creatures (others)
  A gnoll (D:9)
  A leopard gecko (D:8)
  An orc skeleton (Ossuary)
3 creatures vanquished.

Grand Total: 260 creatures vanquished

Notes
Turn   | Place    | Note
-------+----------+-------------------------------------------
     0 | D:1      | Saeniel the Gargoyle Fighter began the quest for the Orb.
     0 | D:1      | Reached XP level 1. HP: 14/14 MP: 1/1
   299 | D:1      | Reached XP level 2. HP: 19/19 MP: 2/2
   894 | D:2      | You fall through a shaft for 2 floors!
   982 | D:4      | Noticed kalagan's ghost (amateur DESu)
  1011 | D:2      | Reached XP level 3. HP: 23/24 MP: 3/3
  1076 | D:2      | Found a bloodstained altar of Trog.
  1080 | D:2      | Found an ornate altar of the Wu Jian Council.
  1154 | D:2      | Reached skill level 4 in Fighting
  1509 | D:2      | Reached XP level 4. HP: 21/29 MP: 4/4
  1955 | D:3      | Noticed Robin
  1958 | D:3      | Killed Robin
  2265 | D:3      | Reached XP level 5. HP: 18/34 MP: 5/5
  2418 | D:3      | Found a glowing golden altar of the Shining One.
  2873 | D:4      | Killed kalagan's ghost
  2888 | D:4      | Reached XP level 6. HP: 34/40 MP: 6/6
  2912 | D:4      | Reached skill level 5 in Armour
  2995 | D:4      | Reached skill level 5 in Fighting
  3031 | D:4      | Reached skill level 1 in Dodging
  3432 | D:4      | Reached XP level 7. HP: 37/44 MP: 7/7
  3781 | D:5      | Entered Level 5 of the Dungeon
  4026 | D:5      | Found a sand-covered staircase.
  4045 | Ossuary  | Entered an ossuary
  4806 | D:5      | Reached skill level 6 in Fighting
  4806 | D:5      | Reached XP level 8. HP: 40/51 MP: 8/8
  5527 | D:6      | Noticed Dowan
  5532 | D:6      | Noticed Duvessa
  5646 | D:6      | Reached skill level 5 in Dodging
  5701 | D:6      | Killed Duvessa
  5701 | D:6      | Reached skill level 7 in Fighting
  5721 | D:6      | Killed Dowan
  5721 | D:6      | Reached XP level 9. HP: 57/57 MP: 9/9
  5808 | D:6      | Found a staircase to the Ecumenical Temple.
  5810 | D:6      | Reached skill level 5 in Shields
  5812 | D:6      | Found a faded altar of an unknown god.
  5822 | Temple   | Entered the Ecumenical Temple
  5915 | Temple   | Became a worshipper of Qazlal Stormbringer
  6488 | D:7      | Reached skill level 1 in Axes
  6597 | D:7      | Noticed Jaiteiro's ghost (novice GrIE)
  7495 | D:8      | Got a bone shortbow
  7573 | D:8      | Reached skill level 8 in Fighting
  7655 | D:8      | Reached * piety under Qazlal
  7719 | D:8      | Noticed a hornet
  7774 | D:8      | Killed a hornet
  7878 | D:8      | Reached XP level 10. HP: 65/65 MP: 10/10
  7890 | D:8      | Reached skill level 9 in Fighting
  8193 | D:9      | Noticed a death yak
  8206 | D:9      | Noticed a death yak
  8207 | D:9      | Noticed a death yak
  8221 | D:9      | Killed a death yak
  8230 | D:9      | Killed a death yak
  8230 | D:9      | Reached skill level 5 in Axes
  8456 | D:9      | Reached skill level 10 in Fighting
  8777 | D:9      | Found a staircase to the Lair.
  8784 | D:9      | Reached ** piety under Qazlal
  9021 | D:9      | Reached XP level 11. HP: 55/73 MP: 11/11
  9146 | D:9      | Noticed Jaiteiro's ghost (journeyman TrMo)
  9147 | D:9      | Noticed an ogre mage
  9160 | D:9      | Killed an ogre mage
  9175 | D:9      | Killed Jaiteiro's ghost
  9507 | D:9      | Killed a death yak
  9793 | D:10     | Entered Level 10 of the Dungeon
  9858 | D:10     | Noticed Snorg
  9866 | D:10     | Reached skill level 11 in Fighting
  9877 | D:10     | HP: 4/166 [Snorg (6)]
  9877 | D:10     | Slain by Snorg

Skill      XL: |  1  2  3  4  5  6  7  8  9 10 11 |
---------------+----------------------------------+-----
Fighting       | 4 5 6 7 8 10 11 | 11.0
Shields        | 4 7 |  7.0
Armour         | 4 5 6 7 |  7.3
Dodging        | 1 3 5 7 |  7.7
Axes           | 3 6 |  6.9
Maces & Flails | |  2.0

Action                   |  1- 3 |  4- 6 |  7- 9 | 10-12 || total
-------------------------+-------+-------+-------+-------++-------
Melee: Flail             |   164 |   181 |   285 |       ||   630
       Unarmed           |       |       |    18 |       ||    18
       Broad axe         |       |       |   319 |   284 ||   603
 Abil: Evoke Berserk Rag |       |       |     1 |     2 ||     3
  Use: Scroll            |     7 |     3 |    13 |     5 ||    28
       Potion            |       |     3 |    12 |     9 ||    24
  Eat: Ration            |     1 |     2 |     4 |     2 ||     9
       Chunk             |       |       |     4 |       ||     4
Armor: Scale mail        |    73 |    78 |   228 |   121 ||   500
       Skin              |       |       |    10 |    13 ||    23
Dodge: Dodged            |    46 |    69 |   418 |   249 ||   782
Block: Shield            |    82 |   114 |   352 |   265 ||   813
